 Dungeon Crawl Stone Soup version 0.28.0 (webtiles) character file.

Game seed: 3235468038712503922

184 Ajdolov the Digger (level 5, -4/31 HPs)
             Began as an Octopode Earth Elementalist on Feb 8, 2022.
             Slain by a lemure (7 damage)
             ... led by Pikel
             ... on level 4 of the Dungeon.
             The game lasted 00:06:36 (3508 turns).

Ajdolov the Digger (Octopode Earth Elementalist)    Turns: 3508, Time: 00:06:36

Health: -4/31      AC:  1    Str:  7    XL:     5   Next: 63%
Magic:  8/8        EV: 13    Int: 19    God:
Gold:   170        SH:  0    Dex: 13    Spells: 4/8 levels left

rFire   + . .      SeeInvis .   l - +0 rapier
rCold   . . .      Faith    .   (no shield)
rNeg    . . .      Spirit   .   (helmet restricted)
rPois   .          Reflect  .   (no amulet)
rElec   .          Harm     .   f - +4 ring of protection
rCorr   .          Rampage  .   q - ring of protection from fire
Will    .....                   (no ring)
Stlth   +++.......              (no ring)
HPRegen 0.10/turn               (no ring)
MPRegen 0.11/turn               (no ring)
                                (no ring)
                                (no ring)

@: corroded, attractive
A: almost no armour, amphibious, 8 rings, camouflage 1, gelatinous body 1,
(nimble swimmer 1), tentacles
a: no special abilities


You were on level 4 of the Dungeon.
You visited 2 branches of the dungeon, and saw 5 of its levels.

You collected 170 gold pieces.

Inventory:

Hand Weapons
 l - a +0 rapier (weapon)
Missiles
 b - 91 stones
Armour
 h - a +0 kite shield
Magical Staves
 d - a staff of air
Jewellery
 f - a +4 ring of protection (left tentacle)
 q - a ring of protection from fire (right tentacle)
Scrolls
 a - a scroll of magic mapping {unknown}
 e - a scroll of torment {unknown}
 i - a scroll of identify {unknown}
 j - a scroll of noise {unknown}
 k - a scroll of summoning {unknown}
 n - a scroll of immolation
 o - a scroll of blinking {unknown}
Potions
 c - a potion of haste {unknown}
 g - a potion of attraction
 m - a potion of heal wounds {unknown}
 p - a potion of might {unknown}


   Skills:
 - Level 2.0 Dodging
 - Level 2.6 Stealth
 - Level 2.0 Spellcasting
 - Level 1.0 Transmutations
 * Level 6.1 Earth Magic


You had 4 spell levels left.
You knew the following spells:

 Your Spells              Type           Power      Damage    Failure   Level
a - Sandblast             Erth           50%        2d12      1%          1
b - Stone Arrow           Conj/Erth      26%        3d8       14%         3

Your spell library contained the following spells:

 Spells                   Type           Power      Damage    Failure   Level
 Passwall                 Tmut/Erth      12%        N/A       6%          2
 Petrify                  Tmut/Erth      15%        N/A       36%         4


Dungeon Overview and Level Annotations

Branches:
Dungeon (4/15)             Temple (1/1) D:4

Altars:
Ashenzari
Fedhas
Gozag
Kikubaaqudgha
Makhleb
Nemelex Xobeh
Okawaru
Ru
Sif Muna
Trog
Uskayaw
Xom
Yredelemnul
The Shining One

Shops:
D:4 *

Annotations:
D:4 exclusion: black bear, Pikel


Innate Abilities, Weirdness & Mutations

You cannot wear most types of armour.
You are amphibious.
You can wear up to eight rings at the same time.
Your skin changes colour to match your surroundings (Stealth+).
Your rubbery body absorbs attacks. (AC +1, EV +1)
((You are camouflaged when in or above water. (Stealth+)))
You have tentacles for arms and can constrict up to eight enemies at once.


Message History

The orc hits you with a +0 hand axe. The orc hits you with a +0 dagger.
You release your grip on the orc.
The orc misses you. The orc barely misses you.
The lemure shouts!
You hit the orc but do no damage. You grab the orc.
The orc is lightly wounded.
You constrict the orc, but do no damage.
The orc barely misses you. x2; Pikel zaps a wand.
The bolt of acid hits the orc!
The acid corrodes the orc!
The orc dies!
The bolt of acid hits you!!
Ouch! That really hurt!
* * * LOW HITPOINT WARNING * * *
The acid corrodes you!
The lemure enters a dispersal trap!
Pikel blinks!
The lemure blinks!
The orc blinks!
You blink.
Found a pink potion.
The lemure blinks!
The lemure shouts!
Pikel zaps a wand.
The bolt of acid misses you. The lemure barely misses you.
The orc hits you with a +0 hand axe.
* * * LOW HITPOINT WARNING * * *
Okay, then.
It was a potion of attraction.
You feel attractive to monsters. The orc hits you with a +0 hand axe.
* * * LOW HITPOINT WARNING * * *
A lemure comes into view.
The lemure is attracted toward you. Pikel is attracted toward you.
The lemure is attracted toward you. The lemure barely misses you.
Pikel zaps a wand.
The bolt of acid hits the orc!!
The acid corrodes the orc!
The orc dies!
The bolt of acid misses you. Pikel is attracted toward you.
The lemure is attracted toward you. Pikel is attracted toward you.
The lemure is attracted toward you. The lemure hits you but does no damage.
As you read the scroll labelled LETUSIZ XALYDE, it crumbles to dust.
The creatures around you are filled with an inner flame!
It was a scroll of immolation.
The lemure hits you!
You die...

### #.#### #..(.# #. .....#
... .....## ##### .....
......# ##...# #.......
......# #@5K.##.........
.....## ### ###5.#....##....
....#####.##
#.ยงยง.##........
....##..#..# ##.)..#.........
...........#
###..#.........!#
.###.##....###....#.........#
.....#.......))...#........##
....#...#.....##..#........#
...##...#....###.......^.###


You could see Pikel (inner flame) and 2 lemures.

Vanquished Creatures
  An orc priest (D:4)
  An iguana (D:4)
  A hound skeleton (D:4)
  3 adders
  A white imp (D:3)
  A worm (D:3)
  2 dart slugs
  3 orcs
  7 endoplasms
  2 giant cockroaches
  4 goblins
  9 hobgoblins
  4 jackals (D:2)
  4 quokkas
  3 ball pythons
  6 bats
  5 frilled lizards
  7 kobolds
  4 rats
68 creatures vanquished.

Vanquished Creatures (others)
  2 orcs (D:4)
2 creatures vanquished.

Grand Total: 70 creatures vanquished

Notes
Turn   | Place    | Note
-------+----------+-------------------------------------------
     0 | D:1      | Ajdolov the Octopode Earth Elementalist began the quest for
                  | the Orb.
     0 | D:1      | Reached XP level 1. HP: 11/11 MP: 3/3
   438 | D:1      | Found a faded altar of an unknown god.
   438 | D:1      | Noticed a floating eye
   440 | D:1      | Reached XP level 2. HP: 17/17 MP: 3/5
   444 | D:1      | Noticed a great orb of eyes
   444 | D:1      | Noticed a shining eye
   444 | D:1      | Noticed a shining eye
   882 | D:1      | Reached skill level 4 in Earth Magic
  1133 | D:2      | Reached XP level 3. HP: 21/21 MP: 3/6
  1141 | D:2      | Learned a level 3 spell: Stone Arrow
  1181 | D:2      | Found an opulent altar of Gozag.
  1431 | D:2      | Identified the +1 chain mail of Valour {Harm}
  2044 | D:3      | Reached XP level 4. HP: 14/27 MP: 4/7
  2374 | D:3      | Reached skill level 5 in Earth Magic
  2792 | D:4      | Found a staircase to the Ecumenical Temple.
  2813 | Temple   | Entered the Ecumenical Temple
  3108 | D:4      | Reached XP level 5. HP: 31/31 MP: 6/8
  3144 | D:4      | Found Cuca's Assorted Antiques.
  3351 | D:4      | Noticed a lemure
  3359 | D:4      | Reached skill level 6 in Earth Magic
  3447 | D:4      | Noticed a black bear
  3489 | D:4      | Noticed Pikel
  3497 | D:4      | Noticed a lemure
  3503 | D:4      | Noticed a lemure
  3508 | D:4      | Slain by a lemure

Illustrated notes

Levels and vault maps discovered:
D:1:      erik_arrival_orb_chamber, layout_rooms,
          hellmonk_ecumenical_altar_watching_god, serial_bayou_ford_a
D:2:      layout_rooms, basic_altar
D:3:      layout_rooms, fountainhead, minmay_box_of_dots
D:4:      layout_cave_pools, minmay_temple_entry_tees, serial_shops,
          nicolae_shop_advertising_works [nicolae_subvault_shop_adworks],
          uniq_crazy_yiuf_cottage, uniq_pikel
Temple:   nicolae_temple_figure_eight

Skill      XL: |  1  2  3  4  5 |
---------------+----------------+-----
Earth Magic    | 4 5 6 |  6.1
Dodging        | |  2.0
Stealth        | |  2.6
Spellcasting   | |  2.0
Transmutations | |  1.0

Action                   |  1- 3 |  4- 6 || total
-------------------------+-------+-------++-------
Melee: Unarmed           |    35 |       ||    35
       Constrict         |    13 |    15 ||    28
       Tentacles         |    11 |    13 ||    24
       Hand axe          |    13 |       ||    13
       Rapier            |       |    51 ||    51
 Cast: Sandblast         |    42 |    19 ||    61
  Use: Scroll            |       |     1 ||     1
       Potion            |       |     1 ||     1
 Stab: Sleeping          |     8 |     4 ||    12
       Distracted        |       |     1 ||     1
Armor: Skin              |    13 |    25 ||    38
Dodge: Dodged            |    35 |    58 ||    93
